 Dungeon Crawl Stone Soup version 0.30-a0-867-g305f33218d (webtiles) character file.

Game seed: 920119903158308213

8 holysushi the Cutter (level 2, 24/24 HPs)
             Began as a Demonspawn Monk on Mar 11, 2023.
             Quit the game on level 1 of the Dungeon.
             The game lasted 00:01:15 (201 turns).

holysushi the Cutter (Demonspawn Monk)               Turns: 201, Time: 00:01:15

Health: 24/24      AC:  2    Str: 11    XL:     2   Next: 0%
Magic:  2/2        EV: 12    Int: 13    God:
Gold:   44         SH:  0    Dex: 15    Spells: 1/1 levels left

rFire   . . .      SeeInvis .    a - +0 short sword
rCold   . . .      Faith    .    (no shield)
rNeg    . . .      Spirit   .    b - +0 robe
rPois   .          Reflect  .    (no helmet)
rElec   .          Rampage  .    (no cloak)
rCorr   .                        (no gloves)
Will    .....                    (no boots)
Stlth   ++                       (no amulet)
HPRegen 0.24/turn                (no ring)
MPRegen 0.08/turn                (no ring)

@: no status effects
A: big brain 1
a: no special abilities


You were on level 1 of the Dungeon.
You visited 1 branch of the dungeon, and saw 1 of its levels.

You collected 44 gold pieces.

Inventory:

Hand Weapons
 a - a +0 short sword (weapon)
Armour
 b - a +0 robe (worn)
Scrolls
 d - a scroll of identify {unknown}
Potions
 c - a potion of ambrosia


   Skills:
 - Level 3.0 Fighting
 + Level 3.2 Short Blades
 - Level 2.6 Dodging
 - Level 1.7 Stealth


You had one spell level left.
You didn't know any spells.
Your spell library was empty.

Dungeon Overview and Level Annotations

Branches:
Dungeon (1/15) Zot: 5802

Altars:


Innate Abilities, Weirdness & Mutations

You have an unusually large brain. (Int +2)


Message History

The ball python bites you. The ball python constricts you.
A ball python is nearby!
A ball python is nearby!
A ball python is nearby!
You hit the ball python.
You kill the ball python!
You see here a ball python corpse.
You start resting.
HP restored.
You see here a ball python corpse.
d - a scroll labelled PEGEYVUEWAD You see here a +3 ring mail.
You see here 6 poisoned darts.
A bat comes into view.
The bat barely misses you.
A bat is nearby!
A bat is nearby!
You hit the bat but do no damage. The bat closely misses you.
Found a scroll labelled PEGEYVUEWAD, an inky potion and 3 boomerangs.
The bat closely misses you. x2
You barely miss the bat. The bat barely misses you.
The bat hits you but does no damage.
You miss the bat. The bat closely misses you. x2
You barely miss the bat. The bat hits you but does no damage.
The bat closely misses you.
You barely miss the bat. The bat hits you. The bat hits you but does no damage.
You completely miss the bat. The bat closely misses you.
You hit the bat.
The bat is severely wounded.
The bat barely misses you. The bat barely misses you.
You hit the bat.
You kill the bat!
You have reached level 2!
Your demonic ancestry asserts itself...
Your brain expands.
You don't know any spells.
Sorry, you're not good enough to have a special ability.
Unknown command.
Are you sure you want to abandon this character and quit the game? (Confirm with "yes".)

.##............#
............#..# ###
.##.##..#####..# #..
)†#.###.#####..###.####
.......................
#######.#####..###.#######
....................
#########.########.#######
................@.......?.
...........###.!.#...#..#.
#..###### ###.....# # #..#
##....# .### #....# [###
.(...# #..# ###..# #..#
... .###


There were no monsters in sight!

Vanquished Creatures
  A dart slug (D:1)
  A bat (D:1)
  A goblin (D:1)
  A kobold (D:1)
  A ball python (D:1)
  A frilled lizard (D:1)
6 creatures vanquished.

Notes
Turn   | Place    | Note
-------+----------+-------------------------------------------
     0 | D:1      | holysushi the Demonspawn Monk began the quest for the Orb.
     0 | D:1      | Reached XP level 1. HP: 18/18 MP: 1/1
   199 | D:1      | Gained mutation: You have an unusually large brain. (Int
                  | +2) [demonic ancestry]
   199 | D:1      | Reached XP level 2. HP: 23/24 MP: 2/2
   201 | D:1      | Quit the game

Illustrated notes

Levels and vault maps discovered:
D:1:      lightli_iron_boxes, layout_basic, minmay_pentomino_z4

Skill      XL: |  1 |
---------------+----+-----
Short Blades   | 3 |  3.2
Fighting       | |  3.0
Dodging        | |  2.6
Stealth        | |  1.7

Action                     || total
---------------------------++-------
  Melee: Short sword       ||    23
   Stab: Sleeping          ||     2
 Armour: Robe              ||     5
  Dodge: Dodged            ||    17

Table legend: (Time is in decaauts)
 A = Elapsed time spent in this place.
 B = Non-inter-level travel time spent in this place.
 C = Inter-level travel time spent in this place.
 D = Time resting spent in this place.
 E = Time spent auto-exploring this place.
 F = Levels seen in this place.
 G = Mean time per level.
                   A        B        C        D        E       F      G
               +--------+--------+--------+--------+--------+-----+--------+
         Total |    197 |    197 |      0 |     11 |    132 |   1 |  197.0 |
       Dungeon |    197 |    197 |      0 |     11 |    132 |   1 |  197.0 |
               +--------+--------+--------+--------+--------+-----+--------+

Top non-repeatable levels by time:
     D:1: 197 daAuts
